 Dungeon Crawl Stone Soup version 0.24-b1 (webtiles) character file.

Game seed: 17094653031990143263, levelgen mode: deterministic

1554 Kohma the Thaumaturge (level 8, -2/58 (59) HPs)
             Began as a Gnoll Wizard on Oct 13, 2019.
             Was a Follower of Sif Muna.
             Slain by an orc warrior
             ... wielding a +0 war axe
              (3 damage)
             ... on level 8 of the Dungeon.
             The game lasted 00:23:40 (8089 turns).

Kohma the Thaumaturge (Gnoll Wizard)                Turns: 8089, Time: 00:23:41

HP:   -2/58 (59)    AC:  5    Str: 11    XL:     8   Next: 88%
MP:   23/29         EV: 13    Int: 21    God:    Sif Muna [*.....]
Gold: 279           SH:  0    Dex: 14    Spells: 10/23 levels left

rFire    . . .     SeeInvis .   a - +1 hunting sling (freeze)
rCold    . . .     Gourm    .   (no shield)
rNeg     . . .     Faith    .   G - +0 ring mail (curse)
rPois    +         Spirit   .   n - +0 hat
rElec    .         Reflect  .   (no cloak)
rCorr    .         Harm     .   (no gloves)
MR       .....                  (no boots)
Stlth    ++........             g - amulet of rage
HPRegen  0.19/turn              r - ring of poison resistance
MPRegen  0.21/turn              v - ring of magical power

@: no status effects
A: distributed training, fangs 1, strong nose
a: Channel Magic, Renounce Religion, Evoke Berserk Rage


You were on level 8 of the Dungeon.
You worshipped Sif Muna.
Sif Muna was aware of your devotion.
You were not hungry.

You visited 2 branches of the dungeon, and saw 9 of its levels.

You collected 363 gold pieces.
You spent 84 gold pieces at shops.

Inventory:

Hand Weapons
 a - a +1 hunting sling of freezing (weapon)
 b - a +3 flail of crushing
 h - a +0 long sword
 y - a +0 dagger
 H - a +0 battleaxe
 K - a +2 falchion
Missiles
 m - 212 stones
 p - 4 sling bullets (quivered)
 w - 36 poisoned darts
 M - 4 javelins
Armour
 e - a +0 leather armour
 n - a +0 hat (worn)
 s - a +0 robe
 G - a cursed +0 ring mail (worn)
Jewellery
 g - an amulet of rage (around neck)
 r - a ring of poison resistance (left hand)
 v - a ring of magical power (right hand)
 O - an uncursed ring of stealth
Wands
 j - a wand of digging (6)
 L - a wand of acid (12)
Scrolls
 k - 3 scrolls of teleportation
 l - 5 scrolls of enchant weapon
 t - a scroll of blinking
 x - 2 scrolls of magic mapping
 z - a scroll of noise {unknown}
 C - a scroll of enchant armour {unknown}
 D - a scroll of amnesia {unknown}
 F - a scroll of remove curse
 N - a scroll of acquirement {unknown}
Potions
 c - 2 potions of agility
 f - a potion of might
 i - 2 potions of heal wounds
 o - 6 potions of curing
 q - a potion of lignification
 u - a potion of brilliance
 A - a potion of berserk rage {unknown}
 B - a potion of haste {unknown}
 E - a potion of invisibility {unknown}
 I - a potion of cancellation {unknown}
 J - a potion of flight {unknown}
Comestibles
 d - 6 rations
 P - 6 chunks of flesh


   Skills:
 + Level 3.6 Fighting
 + Level 3.6 Short Blades
 + Level 3.6 Long Blades
 + Level 3.6 Axes
 + Level 3.6 Maces & Flails
 + Level 3.6 Polearms
 + Level 3.6 Staves
 + Level 3.6 Slings
 + Level 3.6 Bows
 + Level 3.6 Crossbows
 + Level 3.6 Throwing
 + Level 3.6 Armour
 + Level 5.9 Dodging
 + Level 5.6 Stealth
 + Level 3.6 Shields
 + Level 3.6 Unarmed Combat
 + Level 8.1 Spellcasting
 + Level 3.7 Conjurations
 + Level 2.9 Hexes
 + Level 2.9 Charms
 + Level 3.7 Summonings
 + Level 2.9 Necromancy
 + Level 3.7 Translocations
 + Level 2.9 Transmutations
 + Level 2.9 Fire Magic
 + Level 2.9 Ice Magic
 + Level 2.9 Air Magic
 + Level 2.9 Earth Magic
 + Level 2.9 Poison Magic
 + Level 4.0 Invocations
 + Level 3.6 Evocations


You had 10 spell levels left.
You knew the following spells:

 Your Spells              Type           Power        Failure   Level  Hunger
a - Magic Dart            Conj           ###.         4%          1    None
b - Blink                 Tloc           N/A          6%          2    None
c - Call Imp              Summ           ###.....     6%          2    None
d - Conjure Flame         Conj/Fire      ###.....     14%         3    None
e - Mephitic Cloud        Conj/Pois/Air  ###.....     14%         3    None
f - Slow                  Hex            ###.....     8%          2    None

Your spell library contained the following spells:

 Spells                   Type           Power        Failure   Level  Hunger


Dungeon Overview and Level Annotations

Branches:
Dungeon (8/15)             Temple (1/1) D:7
   Lair: D:8-11

Altars:
Ashenzari
Cheibriados
Dithmenos
Fedhas
Gozag
Hepliaklqana
Kikubaaqudgha
Makhleb
Nemelex Xobeh
Okawaru
Qazlal
Ru
Sif Muna
Trog
Uskayaw
Vehumet
Wu Jian
Xom
Yredelemnul
Zin
The Shining One

Shops:
D:4 !


Innate Abilities, Weirdness & Mutations

Your experience applies equally to all skills.
You have very sharp teeth.
Your uncanny sense of smell can sniff out nearby items.


Message History

Confirm with . or Enter, or press ? or * to list all spells.
Aiming: Magic Dart (safe; 4% risk of failure)
Press: ? - help, Shift-Dir - straight line, f/p - orc warrior
Aim: an orc warrior, wielding a +0 war axe and wearing a +0 plate armour (lightly wounded)
The magic dart hits the orc warrior but does no damage.
The orc warrior is lightly wounded.
Casting: Magic Dart (safe; 4% risk of failure)
Confirm with . or Enter, or press ? or * to list all spells.
Aiming: Magic Dart (safe; 4% risk of failure)
Press: ? - help, Shift-Dir - straight line, f/p - orc warrior
Aim: an orc warrior, wielding a +0 war axe and wearing a +0 plate armour (lightly wounded)
The magic dart hits the orc warrior but does no damage.
The orc warrior is lightly wounded.
The orc warrior hits you with a +0 war axe!
* * * LOW HITPOINT WARNING * * *
Casting: Magic Dart (safe; 4% risk of failure)
Confirm with . or Enter, or press ? or * to list all spells.
A beastly little devil appears in a puff of flame.
The orc warrior hits you with a +0 war axe.
You die...

#..# .# . #
#..# .# . ..
#..# .#.#.#.
#..# .#.....
#..# ...(.⌠.
#..####)......
#Z..(.()#
#o####### ∆
#@#####
#..5..# ∆
####..# #.##
#.# #.# #.#
#.# #########
#.# #........


You could see an orc warrior, a worker ant zombie and a friendly crimson imp.

Vanquished Creatures
  Edmund (D:4)
  A black bear (D:8)
  An orc warrior (D:7)
  An ogre (D:7)
  A necrophage (D:5)
  A centaur (D:6)
  A scorpion (D:6)
  A howler monkey (D:5)
  3 wights (D:7)
  2 crimson imps (D:6)
  A hound (D:5)
  A centaur zombie (D:7)
  A jelly (D:8)
  A centaur skeleton (D:4)
  Jessica (D:2)
  3 iguanas
  3 orc wizards (D:7)
  8 worker ants
  2 hound skeletons (D:7)
  9 adders
  An ooze (D:1)
  An adder zombie (D:5)
  A worm (D:2)
  3 dart slugs
  4 leopard geckos
  28 orcs
  5 giant cockroaches
  9 goblins
  6 hobgoblins
  8 jackals
  4 quokkas
  3 ball pythons
  5 bats
  9 frilled lizards
  4 kobolds
  3 rats
137 creatures vanquished.

Vanquished Creatures (collateral kills)
  An orc (D:3)
1 creature vanquished.

Grand Total: 138 creatures vanquished

Notes
Turn   | Place    | Note
-------+----------+-------------------------------------------
     0 | D:1      | Kohma the Gnoll Wizard began the quest for the Orb.
     0 | D:1      | Reached XP level 1. HP: 13/13 MP: 8/8
   167 | D:1      | Reached XP level 2. HP: 19/19 MP: 5/10
   677 | D:1      | Reached XP level 3. HP: 25/25 MP: 7/11
  1082 | D:1      | Learned a level 2 spell: Blink
  1085 | D:1      | Learned a level 2 spell: Call Imp
  1089 | D:1      | Learned a level 3 spell: Conjure Flame
  1093 | D:1      | Learned a level 3 spell: Mephitic Cloud
  1096 | D:1      | Learned a level 2 spell: Slow
  1108 | D:2      | Reached skill level 1 in Invocations
  1282 | D:2      | Reached skill level 1 in Fighting
  1282 | D:2      | Reached skill level 1 in Short Blades
  1282 | D:2      | Reached skill level 1 in Long Blades
  1282 | D:2      | Reached skill level 1 in Axes
  1282 | D:2      | Reached skill level 1 in Maces & Flails
  1282 | D:2      | Reached skill level 1 in Polearms
  1282 | D:2      | Reached skill level 1 in Staves
  1282 | D:2      | Reached skill level 1 in Slings
  1282 | D:2      | Reached skill level 1 in Bows
  1282 | D:2      | Reached skill level 1 in Crossbows
  1282 | D:2      | Reached skill level 1 in Throwing
  1282 | D:2      | Reached skill level 1 in Armour
  1282 | D:2      | Reached skill level 1 in Shields
  1282 | D:2      | Reached skill level 1 in Unarmed Combat
  1282 | D:2      | Reached skill level 1 in Evocations
  1324 | D:2      | Reached XP level 4. HP: 26/32 MP: 13/13
  1515 | D:2      | Noticed Jessica
  1521 | D:2      | Killed Jessica
  1521 | D:2      | Reached skill level 1 in Hexes
  1521 | D:2      | Reached skill level 1 in Charms
  1521 | D:2      | Reached skill level 1 in Necromancy
  1521 | D:2      | Reached skill level 1 in Transmutations
  1521 | D:2      | Reached skill level 1 in Fire Magic
  1521 | D:2      | Reached skill level 1 in Ice Magic
  1521 | D:2      | Reached skill level 1 in Air Magic
  1521 | D:2      | Reached skill level 1 in Earth Magic
  1521 | D:2      | Reached skill level 1 in Poison Magic
  1624 | D:2      | Reached XP level 5. HP: 37/37 MP: 11/14
  2339 | D:3      | Found a hazy altar of Hepliaklqana.
  2571 | D:4      | Found Joaskyuf's Distillery.
  2581 | D:4      | Bought a potion of curing for 36 gold pieces
  2581 | D:4      | Bought a potion of curing for 36 gold pieces
  2581 | D:4      | Bought a potion of degeneration for 12 gold pieces
  2650 | D:4      | Found a blossoming altar of Fedhas.
  2703 | D:4      | Found a shimmering blue altar of Sif Muna.
  2727 | D:4      | Found a sacrificial altar of Ru.
  2770 | D:4      | Became a worshipper of Sif Muna the Loreminder
  2798 | D:4      | Noticed Edmund
  2933 | D:4      | Killed Edmund
  2933 | D:4      | Reached XP level 6. HP: 18/44 MP: 3/16
  3219 | D:4      | Reached skill level 5 in Dodging
  3820 | D:5      | Entered Level 5 of the Dungeon
  3839 | D:5      | Reached XP level 7. HP: 32/50 MP: 13/18
  4484 | D:5      | Found a bloodstained altar of Trog.
  5193 | D:6      | Reached skill level 5 in Stealth
  5312 | D:6      | Reached * piety under Sif Muna
  5814 | D:6      | Reached XP level 8. HP: 14/56 MP: 13/19
  6611 | D:7      | Found an ornate altar of the Wu Jian Council.
  7186 | D:7      | Found a staircase to the Ecumenical Temple.
  7195 | Temple   | Entered the Ecumenical Temple
  7656 | D:7      | Reached skill level 8 in Spellcasting
  7821 | D:8      | Found a shattered altar of Ashenzari.
  8088 | D:8      | HP: 1/58 [orc warrior/+0 war axe (17)]
  8089 | D:8      | Slain by an orc warrior

Skill      XL: |  1  2  3  4  5  6  7  8 |
---------------+-------------------------+-----
Conjurations   | 2 3 |  3.7
Summonings     | 2 3 |  3.7
Translocations | 2 3 |  3.7
Invocations    | 1 2 3 4 |  4.0
Fighting       | 1 2 3 |  3.6
Short Blades   | 1 2 3 |  3.6
Long Blades    | 1 2 3 |  3.6
Axes           | 1 2 3 |  3.6
Maces & Flails | 1 2 3 |  3.6
Polearms       | 1 2 3 |  3.6
Staves         | 1 2 3 |  3.6
Slings         | 1 2 3 |  3.6
Bows           | 1 2 3 |  3.6
Crossbows      | 1 2 3 |  3.6
Throwing       | 1 2 3 |  3.6
Armour         | 1 2 3 |  3.6
Shields        | 1 2 3 |  3.6
Unarmed Combat | 1 2 3 |  3.6
Evocations     | 1 2 3 |  3.6
Hexes          | 1 2 |  2.9
Charms         | 1 2 |  2.9
Necromancy     | 1 2 |  2.9
Transmutations | 1 2 |  2.9
Fire Magic     | 1 2 |  2.9
Ice Magic      | 1 2 |  2.9
Air Magic      | 1 2 |  2.9
Earth Magic    | 1 2 |  2.9
Poison Magic   | 1 2 |  2.9
Dodging        | 5 |  5.9
Stealth        | 5 |  5.6
Spellcasting   | 8 |  8.1

Action                   |  1- 3 |  4- 6 |  7- 9 || total
-------------------------+-------+-------+-------++-------
Melee: Dagger            |     7 |       |       ||     7
       Long sword        |       |    13 |       ||    13
       Bite              |       |     4 |    12 ||    16
       Flail             |       |    31 |   136 ||   167
       Punch             |       |       |     3 ||     3
 Fire: Hunting sling     |    10 |    14 |    57 ||    81
Throw: Javelin           |       |       |     5 ||     5
       Stone             |       |       |     2 ||     2
 Cast: Magic Dart        |    64 |   110 |    74 ||   248
       Conjure Flame     |       |     3 |     9 ||    12
       Mephitic Cloud    |       |     3 |     3 ||     6
       Blink             |       |     2 |     3 ||     5
       Call Imp          |       |     1 |     3 ||     4
  Use: Scroll            |       |    13 |     2 ||    15
 Stab: Sleeping          |       |       |     1 ||     1
  Eat: Chunk             |     1 |     7 |    11 ||    19
       Ration            |       |       |     1 ||     1
Armor: Leather armour    |     5 |     8 |    11 ||    24
       Ring mail         |       |       |    14 ||    14
Dodge: Dodged            |    18 |    55 |   121 ||   194
       Rpst.: Long sword |       |     6 |       ||     6
